 Dungeon Crawl Stone Soup version 0.28.0-1-gb440e238dd (webtiles) character file.

Game seed: 11252875526442859792

5616 SweetAndFullOfGrace the Cleaver (level 10, -10/93 HPs)
             Began as a Minotaur Berserker on Feb 20, 2022.
             Was an Elder of Trog.
             Killed by divine providence
             ... invoked by an orc priest
              (11 damage)
             ... on level 8 of the Dungeon.
             The game lasted 00:18:17 (9478 turns).

SweetAndFullOfGrace the Cleaver (MiBe)              Turns: 9478, Time: 00:18:18

Health: -10/93     AC: 11    Str: 25    XL:     10   Next: 45%
Magic:  9/9        EV: 30    Int:  8    God:    Trog [****..]
Gold:   373        SH:  0    Dex: 15    Spells: 9/9 levels left

rFire   . . .      SeeInvis .   x - +0 war axe
rCold   . . .      Faith    .   (no shield)
rNeg    + . .      Spirit   .   o - +0 chain mail
rPois   .          Reflect  .   (helmet restricted)
rElec   .          Harm     .   K - +0 cloak
rCorr   +          Rampage  .   (no gloves)
Will    .....                   (no boots)
Stlth   ..........              I - amulet of Trepidation {Acrobat rN+ Int+4 Dex+4}
HPRegen 0.25/turn               r - +4 ring of evasion
MPRegen 0.11/turn               w - ring of resist corrosion

@: acrobatic
A: horns 2, retaliatory headbutt
a: Renounce Religion, Berserk, Trog's Hand, Brothers in Arms


You were on level 8 of the Dungeon.
You worshipped Trog.
Trog was greatly pleased with you.
You visited 2 branches of the dungeon, and saw 9 of its levels.

You collected 373 gold pieces.

Inventory:

Hand Weapons
 a - a +0 hand axe
 x - a +0 war axe (weapon)
 M - a +5 hunting sling of flaming
Missiles
 c - 177 stones (quivered)
 e - 103 arrows
 g - 47 sling bullets
 j - 26 poisoned darts
 n - 2 boomerangs
 v - 33 bolts
 y - a curare-tipped dart
Armour
 b - a +0 animal skin
 f - a +0 ring mail
 o - a +0 chain mail (worn)
 A - a +0 plate armour
 G - +0 swamp dragon scales
 K - a +0 cloak (worn)
Jewellery
 r - a +4 ring of evasion (left hand)
 t - a ring of flight
 u - a +6 ring of intelligence
 w - a ring of resist corrosion (right hand)
 I - the amulet of Trepidation (around neck) {Acrobat rN+ Int+4 Dex+4}
   (You found it on level 7 of the Dungeon)

   [amulet of the acrobat]

   It increases your evasion while moving and waiting.
   Int:       It affects your intelligence (+4).
   Dex:       It affects your dexterity (+4).
   rN:        It protects you from negative energy.
 O - a +6 ring of strength
 P - a +4 ring of protection
Wands
 d - a wand of mindburst (4)
 B - a wand of iceblast (12)
 H - a wand of paralysis (10)
 J - a wand of flame (23)
 N - a wand of digging (6)
Scrolls
 l - a scroll of fear
 p - a scroll of enchant armour
 q - 4 scrolls of teleportation
 s - 2 scrolls of magic mapping
 D - a scroll of enchant weapon
 F - a scroll of blinking
Potions
 h - 3 potions of lignification
 i - 2 potions of ambrosia
 k - 3 potions of curing
 m - a potion of attraction
 z - a potion of magic {unknown}
 C - a potion of flight {unknown}
 E - 2 potions of cancellation {unknown}
 L - a potion of brilliance {unknown}


   Skills:
 + Level 9.9 Fighting
 * Level 14.0 Axes
 + Level 6.8 Armour
 + Level 6.1 Dodging


You had 9 spell levels left.
You didn't know any spells.
Your spell library was empty.

Dungeon Overview and Level Annotations

Branches:
Dungeon (8/15)             Temple (1/1) D:4
   Lair: D:8-11

Altars:
Ashenzari
Cheibriados
Dithmenos
Elyvilon
Fedhas
Gozag
Hepliaklqana
Kikubaaqudgha
Makhleb
Nemelex Xobeh
Okawaru
Qazlal
Sif Muna
Trog
Uskayaw
Vehumet
Wu Jian
Xom
Yredelemnul
Zin
The Shining One
Beogh

Shops:
D:1 [   D:4 (


Innate Abilities, Weirdness & Mutations

You have a pair of horns on your head.
You reflexively headbutt those who attack you in melee.


Message History

The orc warrior is almost dead.
The orc priest mumbles some strange prayers to Beogh against you.
Beogh smites you! The orc warrior closely misses you.
The orc warrior hits you with a +0 hand axe.
You slash the orc warrior!
You kill the orc warrior!
Trog accepts your kill.
You slash the orc!
You kill the orc!
Trog accepts your kill.
The orc priest calls down the wrath of Beogh upon you.
Beogh smites you! The orc warrior misses you.
You are too injured to fight recklessly!
You are too injured to fight recklessly!
You are too injured to fight recklessly!
You open the door. The orc misses you. The orc warrior misses you.
The orc completely misses you.
The orc warrior hits you from afar with a +0 glaive!
There is an open door here.
You slash the orc!
You kill the orc!
Trog accepts your kill. The orc warrior closely misses you.
You furiously retaliate!
You headbutt the orc warrior.
Things that are here:
a +0 dagger; a +0 scale mail; 14 gold pieces You barely miss the orc warrior.
The orc warrior is lightly wounded.
The orc warrior closely misses you.
You hit the orc warrior but do no damage.
The orc warrior is lightly wounded.
The orc warrior hits you with a +0 glaive!!
* * * LOW HITPOINT WARNING * * *
The orc priest invokes the aid of Beogh against you.
Beogh smites you!
* * * LOW HITPOINT WARNING * * *
The orc warrior misses you.
The orc priest invokes the aid of Beogh against you.
Beogh smites you!
You die...

########..........#
#8.).8#
##.######†####
####...#### #.##
#†.#8###8##...##8#
#..#
#.................
##.##
##...........⌠.....
#..#
#..................
##.#
#...#8###8##...##8#
>######.###...###
####...####
.........###@##
#8...8# .......#.#
#)# ##...##
#......#.###o#
#...#
.......#..##o#
#...#
...#......##o#
.#.#...#...#o#####
#.....#.#..oo...#
#.....#.#..oo)o.#
..### #.....##o##


You could see an orc warrior, an orc priest and 6 orcs.

Vanquished Creatures
  Pikel (D:5)
  Joseph (D:7)
  Maggie (D:7)
  Prince Ribbit (D:5)
  6 yaks (D:8)
  Grum (D:8)
  A water moccasin (D:8)
  3 ice beasts (D:6)
  5 orc warriors
  A black bear (D:5)
  A necrophage (D:6)
  A hornet zombie (D:5)
  2 ogres
  2 wolves (D:8)
  2 centaurs
  A lemure (D:5)
  A kobold brigand (D:6)
  3 bullfrogs
  A gnoll sergeant (D:6)
  A scorpion (D:5)
  8 killer bees
  4 howler monkeys
  A hound (D:4)
  3 orc priests
  Crazy Yiuf (D:7)
  A centaur skeleton (D:5)
  2 jellies (D:7)
  5 iguanas
  3 orc wizards
  A hound skeleton (D:5)
  14 gnolls
  12 adders
  A white imp (D:7)
  2 ufetubi
  A worm (D:4)
  34 orcs
  5 endoplasms
  4 giant cockroaches
  6 goblins
  4 hobgoblins
  7 ball pythons
  6 bats
  3 frilled lizards
  11 kobolds
  A rat (D:3)
176 creatures vanquished.

Vanquished Creatures (others)
  3 fungi (D:8)
  4 plants (D:8)
7 creatures vanquished.

Grand Total: 183 creatures vanquished

Notes
Turn   | Place    | Note
-------+----------+-------------------------------------------
     0 | D:1      | SweetAndFullOfGrace the Minotaur Berserker began the quest
                  | for the Orb.
     0 | D:1      | Reached XP level 1. HP: 19/19 MP: 0/0
   176 | D:1      | Reached skill level 4 in Axes
   322 | D:1      | Reached XP level 2. HP: 26/26 MP: 1/1
   503 | D:1      | Found Ecamuyv's Antique Armour Emporium.
  1474 | D:2      | Reached skill level 5 in Axes
  1508 | D:3      | Reached ** piety under Trog
  1509 | D:3      | Reached XP level 3. HP: 29/31 MP: 2/2
  1827 | D:3      | Reached skill level 6 in Axes
  1827 | D:3      | Reached XP level 4. HP: 34/39 MP: 3/3
  1920 | D:3      | Identified the +0 leather armour of the Tick {Dex+6}
  1965 | D:3      | Found a hazy altar of Hepliaklqana.
  1996 | D:3      | Reached skill level 4 in Fighting
  1998 | D:3      | Reached XP level 5. HP: 27/46 MP: 4/4
  2241 | D:3      | Reached skill level 7 in Axes
  2685 | D:3      | Reached *** piety under Trog
  2696 | D:3      | You fall into a shaft and drop 1 floor!
  2703 | D:4      | Found a staircase to the Ecumenical Temple.
  2717 | Temple   | Entered the Ecumenical Temple
  2857 | D:4      | Reached XP level 6. HP: 48/53 MP: 5/5
  3222 | D:4      | Reached skill level 5 in Fighting
  3330 | D:4      | Reached skill level 8 in Axes
  3537 | D:4      | Found Huttui's Antique Weapon Shop.
  3788 | D:5      | Entered Level 5 of the Dungeon
  3923 | D:5      | Noticed Pikel
  3958 | D:5      | Killed Pikel
  3959 | D:5      | Reached skill level 6 in Fighting
  3959 | D:5      | Reached skill level 10 in Axes
  3959 | D:5      | Reached XP level 7. HP: 45/64 MP: 6/6
  4218 | D:5      | Reached XP level 8. HP: 60/71 MP: 7/7
  4297 | D:5      | Reached skill level 7 in Fighting
  4616 | D:5      | Found a stormy altar of Qazlal.
  5053 | D:5      | Reached skill level 11 in Axes
  5332 | D:5      | Reached skill level 3 in Armour
  5459 | D:6      | Noticed Prince Ribbit
  5686 | D:6      | Reached skill level 3 in Dodging
  5702 | D:5      | Killed Prince Ribbit
  5703 | D:5      | Reached skill level 8 in Fighting
  5897 | D:6      | Reached XP level 9. HP: 60/81 MP: 8/8
  5907 | D:6      | Reached skill level 4 in Armour
  5960 | D:6      | Reached skill level 12 in Axes
  6361 | D:6      | Reached skill level 4 in Dodging
  6791 | D:7      | Noticed Maggie
  6798 | D:7      | Killed Maggie
  7098 | D:7      | Reached skill level 5 in Armour
  7110 | D:7      | HP: 8/82 [poisoned by a killer bee]
  7565 | D:7      | Identified the amulet of Trepidation {Acrobat rN+ Int+4
                  | Dex+4}
  7658 | D:7      | Found a runed translucent door.
  7659 | D:7      | Noticed Crazy Yiuf
  7664 | D:7      | Killed Crazy Yiuf
  7664 | D:7      | Reached **** piety under Trog
  7768 | D:7      | Noticed Joseph
  7781 | D:7      | Killed Joseph
  7782 | D:7      | Reached skill level 9 in Fighting
  7782 | D:7      | Reached skill level 13 in Axes
  7782 | D:7      | Reached skill level 5 in Dodging
  8498 | D:8      | Found a basalt altar of Yredelemnul.
  8652 | D:8      | Reached XP level 10. HP: 80/91 MP: 9/9
  8825 | D:8      | Reached skill level 6 in Armour
  9227 | D:8      | Noticed Grum
  9243 | D:8      | Killed Grum
  9451 | D:8      | Reached skill level 6 in Dodging
  9461 | D:8      | Reached skill level 14 in Axes
  9477 | D:8      | HP: 1/93 [orc priest/divine providence (12)]
  9478 | D:8      | Killed from afar by an orc priest

Illustrated notes

Levels and vault maps discovered:
D:1:      amcnicky_arrival_abandoned_market, layout_basic, serial_shops, shop,
          wad_floor_pattern_2, chequers_serial_rivers_micro_e
D:2:      layout_basic
D:3:      layout_rooms, mainiacjoe_overflow_catwalk, serial_glass,
          glass_columns_a, glass_columns_a, minmay_misc_feat_roman,
          minmay_snake_closets
D:4:      layout_cave_pools, minmay_temple_entry_statues_pillars, serial_shops,
          nicolae_lakefront_shop, serial_column_ruins, column_ruins_hut,
          column_ruins_grid_1, column_ruins_grid_3,
          column_ruins_columns_straight, column_ruins_columns_dead_end,
          column_ruins_grid_3, amcnicky_mini_rare_corridor_liquid
D:5:      layout_basic, grunt_qazlal_clouds, uniq_pikel
D:6:      layout_rooms, uniq_prince_ribbit1
D:7:      layout_basic, uniq_maggie, uniq_crazy_yiuf_cottage, uniq_joseph
D:8:      layout_basic, lemuel_crystal_altar, dpeg_oklobed_lair, special_room
          [special_room_orc], serial_corexii_hall, corexii_hall_statues_x,
          corexii_hall_statues_l, corexii_hall_statues_i,
          corexii_hall_statues_u, nicolae_transmutations_shop,
          minmay_three_doors, uniq_grum
Temple:   mainiacjoe_temple_coin_purse

Skill      XL: |  1  2  3  4  5  6  7  8  9 10 |
---------------+-------------------------------+-----
Axes           | 4 5 6 7 10 11 13 14 | 14.0
Fighting       | 4 6 8 9 |  9.9
Armour         | 3 5 6 |  6.8
Dodging        | 3 5 6 |  6.1

Action                   |  1- 3 |  4- 6 |  7- 9 | 10-12 || total
-------------------------+-------+-------+-------+-------++-------
Melee: Hand axe          |    46 |   169 |    59 |       ||   274
       Headbutt          |     9 |    25 |    26 |    16 ||    76
       Punch             |       |     1 |     3 |     2 ||     6
       War axe           |       |       |   139 |    72 ||   211
Invok: Berserk           |       |     1 |     4 |       ||     5
  Use: Scroll            |     3 |     3 |     4 |     1 ||    11
Armor: Ring mail         |     4 |    29 |       |       ||    33
       Animal skin       |     1 |       |       |       ||     1
       Chain mail        |       |    23 |    66 |    15 ||   104
Dodge: Dodged            |    34 |    88 |   130 |    51 ||   303

Table legend: (Time is in decaauts)
 A = Elapsed time spent in this place.
 B = Non-inter-level travel time spent in this place.
 C = Inter-level travel time spent in this place.
 D = Time resting spent in this place.
 E = Time spent auto-exploring this place.
 F = Levels seen in this place.
 G = Mean time per level.
                   A        B        C        D        E       F      G
               +--------+--------+--------+--------+--------+-----+--------+
         Total |   9484 |   9126 |    358 |   1955 |   5721 |   9 | 1053.8 |
       Dungeon |   9371 |   9028 |    343 |   1955 |   5641 |   8 | 1171.4 |
        Temple |    112 |     97 |     15 |      0 |     80 |   1 |  112.0 |
               +--------+--------+--------+--------+--------+-----+--------+

Top non-repeatable levels by time:
     D:5: 2045 daAuts
     D:7: 1988 daAuts
     D:3: 1043 daAuts
     D:2: 970 daAuts
     D:6: 945 daAuts
     D:1: 838 daAuts
     D:4: 824 daAuts
     D:8: 714 daAuts
  Temple: 112 daAuts

Table legend:
 A = Non-vault XP
 B = Vault XP
 C = Vault XP percentage of total XP
 D = Non-vault monster count
 E = Vault monster count
 F = Vault count percentage of total count
                 A         B        C        D         E       F
            +---------+---------+-------+---------+---------+-------
      Total |    4960 |    3064 |  38.2 |     141 |      34 |  19.4
            +---------+---------+-------+---------+---------+-------
        D:1 |      22 |       0 |   0.0 |      13 |       0 |   0.0
        D:2 |      57 |       0 |   0.0 |      11 |       0 |   0.0
        D:3 |     154 |     100 |  39.4 |      28 |      12 |  30.0
        D:4 |     267 |       2 |   0.7 |      14 |       1 |   6.7
        D:5 |     918 |     965 |  51.2 |      24 |       2 |   7.7
        D:6 |     981 |       0 |   0.0 |      20 |       0 |   0.0
        D:7 |     868 |     894 |  50.7 |      17 |       3 |  15.0
        D:8 |    1692 |    1103 |  39.5 |      13 |      16 |  55.2
     Temple |       1 |       0 |   0.0 |       1 |       0 |   0.0
            +---------+---------+-------+---------+---------+-------
